 Dungeon Crawl Stone Soup version 0.29.1-4-g47bece8355 (webtiles) character file.

Game seed: 3266836986233738735

1836517 GeoRichter the Acrobat (level 27, 253/253 HPs)
             Began as a Demonspawn Gladiator on Dec 10, 2022.
             Was the Champion of Wu Jian.
             Escaped with the Orb
             ... and 3 runes on Dec 11, 2022!
             The game lasted 02:54:44 (59274 turns).

GeoRichter the Acrobat (Demonspawn Gladiator)      Turns: 59274, Time: 02:54:44

Health: 253/253    AC: 32    Str: 15    XL:     27
Magic:  20/20      EV: 35    Int:  8    God:    Wu Jian [******]
Gold:   1755       SH:  0    Dex: 28    Spells: 26/26 levels left

rFire   + + .      SeeInvis .   a - +9 triple sword (vamp) {!w}
rCold   + + .      Faith    .   (shield currently unavailable)
rNeg    + + .      Spirit   .   M - +8 fire dragon scales
rPois   +          Reflect  .   T - +0 hat "Iraxzuis" {+Inv rPois rCorr}
rElec   .          Harm     .   Z - +1 cloak of Starlight {*Dazzle EV+4 Stlth--}
rCorr   +          Rampage  .   (gloves unavailable)
Will    ++++.      Rnd*Tele +   u - +2 pair of boots
Stlth   ..........              Y - amulet of regeneration
HPRegen 1.32/turn               o - ring of Pamecs {Drain +Blink rC++ rN+ Stlth+}
MPRegen 0.17/turn               l - ring of Astiwoge {rPois rC+ rN+ Will+}

@: studying 2 skills
A: rugged brown scales 3, demonic guardian 3, ignite blood 3, augmentation 3,
demonic touch 3, deterioration 1, dopey 1, low MP 1, strong-willed 1,
teleportitis 1
0: Orb of Zot
}: 3/15 runes: serpentine, barnacled, silver
a: Renounce Religion, Evoke Blink, Evoke Invisibility, Wall Jump, Serpent's
Lash, Heavenly Storm


You escaped.
You worshipped Wu Jian.
Wu Jian was exalted by your worship.
You visited 9 branches of the dungeon, and saw 47 of its levels.
You visited the Abyss 1 time.
You visited 1 bazaar.
You also visited: Ice Cave, Volcano and Wizlab.

You collected 6728 gold pieces.
You spent 4973 gold pieces at shops.

Inventory:

Hand Weapons
 a - a +9 vampiric triple sword (weapon) {!w}
   (You bought it in a shop on level 2 of the Orcish Mines)
 b - the +7 arbalest of Ointment {elec, rElec rF+ rN+ Will-}
   (You found it on level 1 of the Vaults)

   Any ammunition fired from it occasionally discharges a powerful burst of
   electricity upon striking a foe.
   rF:        It protects you from fire.
   rElec:     It insulates you from electricity.
   rN:        It protects you from negative energy.
   Will:      It decreases your willpower.
 J - the +7 Spriggan's Knife {stab, EV+4 Stlth+}
   (You found it on level 4 of the Depths)

   It is more effective when stabbing unaware enemies, sometimes treating them
   as though they were completely helpless.
   EV:        It affects your evasion (+4).
   Stlth:     It makes you more stealthy.
Armour
 c - a +2 hat
   (You bought it in a shop on level 12 of the Dungeon)
 u - a +2 pair of boots (worn)
   (You found it on level 3 of the Dungeon)
 z - quicksilver dragon scales
   (You found it on level 4 of the Snake Pit)
 C - the +2 hat of the Bear Spirit {Spirit, *Rage Will++}
   (You found it on level 5 of the Vaults)

   Going berserk makes the wearer tougher, and they're slowed less afterward.
   *Rage:     It berserks you when you make melee attacks (+20% chance).
   Will:      It greatly increases your willpower.
 M - +8 fire dragon scales (worn)
   (You found it on level 2 of the Depths)
 T - the +0 hat "Iraxzuis" (worn) {+Inv rPois rCorr}
   (You found it on level 1 of the Realm of Zot)

   rPois:     It protects you from poison.
   +Inv:      It lets you turn invisible.
   rCorr:     It protects you from acid and corrosion.
 Z - the +1 cloak of Starlight (worn) {*Dazzle EV+4 Stlth--}
   (You found it in a wizard's laboratory)

   It may blind those who miss an attack against the wearer in melee combat.
   EV:        It affects your evasion (+4).
   Stlth:     It makes you much less stealthy.
Jewellery
 d - the ring "Gompak" {rElec Slay+4}
   (You bought it in a shop on level 12 of the Dungeon)

   [ring of slaying]

   Slay:      It affects your accuracy & damage with ranged weapons and melee
   (+4).
   rElec:     It insulates you from electricity.
 l - the ring of Astiwoge (right hand) {rPois rC+ rN+ Will+}
   (You acquired it on level 8 of the Dungeon)

   [ring of positive energy]

   rC:        It protects you from cold.
   rPois:     It protects you from poison.
   rN:        It protects you from negative energy.
   Will:      It increases your willpower.
 o - the ring of Pamecs (left hand) {Drain +Blink rC++ rN+ Stlth+}
   (You bought it in a shop on level 12 of the Dungeon)

   [ring of positive energy]

   rC:        It greatly protects you from cold.
   rN:        It protects you from negative energy.
   +Blink:    It lets you blink.
   Drain:     It drains your maximum health when unequipped.
   Stlth:     It makes you more stealthy.
 Y - an amulet of regeneration (around neck)
   (You found it on level 15 of the Dungeon)
Wands
 q - a wand of paralysis (36)
   (You found it on level 2 of the Dungeon)
 v - a wand of iceblast (12)
   (You found it in an ice cave)
 B - a wand of polymorph (15)
   (You found it on level 8 of the Dungeon)
 F - a wand of mindburst (25)
   (You found it on level 11 of the Dungeon)
 K - a wand of digging (24)
   (You found it on level 12 of the Dungeon)
 V - a wand of light (29) (quivered)
   (You found it on level 14 of the Dungeon)
Scrolls
 e - 4 scrolls of magic mapping
 f - 8 scrolls of vulnerability {!r}
 g - 9 scrolls of immolation {!r}
 h - a scroll of brand weapon
 i - 11 scrolls of fog
 j - 11 scrolls of noise {!r}
 n - 5 scrolls of fear
 p - 25 scrolls of teleportation {@r4}
 y - 3 scrolls of silence
 D - 5 scrolls of enchant armour
 Q - 5 scrolls of poison {!r}
 R - a scroll of blinking
 U - 3 scrolls of enchant weapon
Potions
 k - 30 potions of curing {@q1}
 m - 3 potions of haste {@q3}
 t - 4 potions of magic
 w - 11 potions of flight
 x - 5 potions of might
 A - 5 potions of berserk rage
 E - 5 potions of cancellation
 H - 6 potions of ambrosia
 I - 4 potions of invisibility
 N - 12 potions of brilliance
 O - 11 potions of heal wounds {@q2}
 S - 6 potions of mutation {!q}
Miscellaneous
 r - a condenser vane
   (You found it on level 4 of the Shoals)
 L - a box of beasts
   (You found it on level 1 of the Elven Halls)
 P - a phial of floods
   (You found it on level 3 of the Lair of Beasts)
 W - a phantom mirror
   (You found it on level 9 of the Dungeon)
 X - a lightning rod (4/4) {!a}
   (You found it on level 14 of the Dungeon)


   Skills:
 + Level 23.8 Fighting
 - Level 22.0 Long Blades
 - Level 5.4 Ranged Weapons
 - Level 1.7 Throwing
 - Level 18.0 Armour
 * Level 26.1 Dodging
 + Level 19.0 Evocations


You had 26 spell levels left.
You didn't know any spells.
Your spell library contained the following spells:

 Spells                   Type           Power      Damage    Failure   Level
 Apportation              Tloc           0%         N/A       77%         1
 Magic Dart               Conj           0%         1d3       77%         1
 Necrotise                Necr           0%         1d4       77%         1
 Shock                    Conj/Air       0%         1d3       77%         1
 Sting                    Tmut/Pois      0%         1d3       77%         1
 Summon Small Mammal      Summ           0%         N/A       77%         1
 Blink                    Tloc           0%         N/A       88%         2
 Call Imp                 Summ           0%         N/A       88%         2
 Poisonous Vapours        Pois/Air       0%         N/A       88%         2
 Static Discharge         Conj/Air       0%         3-3/arc   88%         2
 Conjure Flame            Conj/Fire      0%         6-21      98%         3
 Gell's Gravitas          Tloc           0%         N/A       98%         3
 Ignite Poison            Fire/Tmut/Pois 0%         N/A       98%         3
 Inner Flame              Hex/Fire       0%         N/A       98%         3
 Lesser Beckoning         Tloc           0%         N/A       98%         3
 Mephitic Cloud           Conj/Pois/Air  0%         N/A       98%         3
 Ozocubu's Armour         Ice            0%         N/A       98%         3
 Swiftness                Air            0%         N/A       98%         3
 Teleport Other           Tloc           0%         N/A       98%         3
 Vampiric Draining        Necr           0%         2d6       98%         3
 Airstrike                Air            0%         2d(0-16)  100%        4
 Anguish                  Hex/Necr       0%         N/A       100%        4
 Animate Armour           Summ/Erth      0%         N/A       100%        4
 Animate Dead             Necr           0%         N/A       100%        4
 Cause Fear               Hex            0%         N/A       100%        4
 Corpse Rot               Necr/Pois/Air  0%         N/A       100%        4
 Dispel Undead            Necr           0%         3d6       100%        4
 Olgreb's Toxic Radiance  Pois           0%         N/A       100%        4
 Petrify                  Tmut/Erth      0%         N/A       100%        4
 Sticky Flame             Conj/Fire      0%         2d3       100%        4
 Summon Ice Beast         Ice/Summ       0%         N/A       100%        4
 Agony                    Necr           0%         N/A       100%        5
 Borgnjor's Vile Clutch   Necr/Erth      0%         N/A       100%        5
 Freezing Cloud           Conj/Ice/Air   0%         6-21      100%        5
 Lightning Bolt           Conj/Air       0%         1d11      100%        5
 Manifold Assault         Tloc           0%         N/A       100%        5
 Metabolic Englaciation   Hex/Ice        0%         N/A       100%        5
 Summon Forest            Summ/Tloc      0%         N/A       100%        5
 Summon Mana Viper        Hex/Summ       0%         N/A       100%        5
 Conjure Ball Lightning   Conj/Air       0%         3x3d6     100%        6
 Death Channel            Necr           0%         N/A       100%        6
 Dispersal                Tloc           0%         N/A       100%        6
 Eringya's Noxious Bog    Tmut/Pois      0%         N/A       100%        6
 Simulacrum               Ice/Necr       0%         N/A       100%        6
 Statue Form              Tmut/Erth      0%         N/A       100%        6
 Summon Cactus Giant      Summ           0%         N/A       100%        6
 Enfeeble                 Hex            0%         N/A       100%        7
 Malign Gateway           Summ/Tloc      0%         N/A       100%        7
 Monstrous Menagerie      Summ           0%         N/A       100%        7
 Ozocubu's Refrigeration  Ice            0%         4d7       100%        7
 Storm Form               Tmut/Air       0%         N/A       100%        7
 Summon Hydra             Summ           0%         N/A       100%        7
 Discord                  Hex            0%         N/A       100%        8
 Disjunction              Tloc           0%         N/A       100%        8
 Infestation              Necr           0%         N/A       100%        8
 Maxwell's Capacitive Co  Air            0%         ∞         100%        8
 Summon Horrible Things   Summ           0%         N/A       100%        8
 Polar Vortex             Ice            0%         N/A       100%        9


Dungeon Overview and Level Annotations

Branches:
Dungeon (15/15)            Temple (0/1) D:5            Lair (5/5) D:8
 Shoals (4/4) Lair:3        Snake (4/4) Lair:2        Slime (0/5) Lair:5
    Orc (2/2) D:9             Elf (3/3) Orc:2        Vaults (5/5) D:14
  Crypt (0/3) Vaults:3     Depths (4/4) D:15            Zot (5/5) Depths:4
  IceCv (visited)         Volcano (visited)          WizLab (visited)

Altars:
Cheibriados
Dithmenos
Fedhas
Gozag
Kikubaaqudgha
Nemelex Xobeh
Okawaru
Qazlal
Trog
Uskayaw
Vehumet
Wu Jian
Xom
Jiyva

Shops:
D:4 :   D:7 :   D:11 !   D:12 =:!=*   D:13 (([   Orc:1 *   Orc:2 (:[*   Elf:3 *
Snake:2 **   Snake:3 =   Depths:1 **

Portals:
Hell: Depths:1 Depths:2 Depths:3 Depths:4
Abyss: Depths:3
Pandemonium: Depths:2
Ziggurat: Depths:4

Annotations:
D:3 2 transporters
D:7 2 runed translucent doors, ripuliukko's ghost, novice GrEE
D:14 1 transporter, Wopp's ghost, journeyman GrEE
Lair:2 3 runed translucent doors, Quickbrownfox's ghost, journeyman DsIE; peterlawrence's ghost, journeyman MiFi; waddelsworth's ghost, journeyman GrEE
Snake:4 3 runed translucent doors, ababab's ghost, journeyman FeEn
Elf:1 3 runed translucent doors, kalagan's ghost, journeyman DECj
Elf:2 1 runed translucent door
Vaults:2 2 transporters, Henri's ghost, adept VSEn
Vaults:4 3 runed translucent doors, IcyTea's ghost, veteran GnFi


Innate Abilities, Weirdness & Mutations

You are completely covered in rugged brown scales. (AC +3, +7% HP)
A powerful demonic guardian rushes to your aid.
Your demonic aura causes all spilled blood to erupt in flames.
Your magical and physical power is greatly enhanced at high health.
Your touch may irresistibly damage your foes and sap their willpower.
Your body sometimes deteriorates upon taking damage.
You are dopey. (Int -2)
Your magical capacity is low. (-10% MP)
You are strong-willed. (Will+)
You are occasionally teleported next to monsters.


Message History

You feel your dexterity returning.
There is a stone staircase leading up here.
(D) Dungeon (T) Temple (L) Lair (A) Shoals (P) Snake Pit (M) Slime Pits (O) Orcish Mines (E) Elven Halls (V) Vaults (C) Crypt (U) Depths (H) Hell (Z) Zot
Where to? (Enter - D:1, ? - help)
You climb upwards.
There is a stone staircase leading down here.
A hellion comes into view.
The hellion gives a hideous shriek!
You lunge at the hellion.
You slice the hellion!! The hellion barely misses you.
You carve the hellion like a ham!!!
You kill the hellion!
The Council accepts your kill.
(D) Dungeon (T) Temple (L) Lair (A) Shoals (P) Snake Pit (M) Slime Pits (O) Orcish Mines (E) Elven Halls (V) Vaults (C) Crypt (U) Depths (H) Hell (Z) Zot
Where to? (Enter - D:1, ? - help)
A sixfirhy comes into view.
The sixfirhy completely misses you.
The sixfirhy is temporarily struck blind!
The sixfirhy closely misses you. The sixfirhy barely misses you.
The sixfirhy misses you.
Things that are here:
a +0 club; a +0 short sword The sixfirhy completely misses you.
The sixfirhy is no longer blind.
The sixfirhy hits you but does no damage.
The sixfirhy closely misses you. The sixfirhy completely misses you.
The sixfirhy is blinded by the light from your cloak!
There is a stone staircase leading up here.
You chop the sixfirhy into pieces!!!
You kill the sixfirhy!
The Council accepts your kill.
An Orb Guardian comes into view.
You climb upwards.
There is a stone staircase leading down here.
(D) Dungeon (T) Temple (L) Lair (A) Shoals (P) Snake Pit (M) Slime Pits (O) Orcish Mines (E) Elven Halls (V) Vaults (C) Crypt (U) Depths (H) Hell (Z) Zot
Where to? (Enter - D:1, ? - help)
Okay, then.
You see here a +0 dagger.
A sixfirhy comes into view.
There is a staircase leading out of the dungeon here.
You have escaped!

###..#.....#.......#
.....#.###.#.#.#####
###..#.#.#.#.#.....#
#..#.#.#.#.#####.#
###..#...#.#.#...#.#
.....#####.#.#.#.#.#
###..#.......#.#.#.#
#..#######.#.#.#.# #
#..........#.#@#.# #
#..#######.#.#.#.#
###..#.......#.#.#.#
.....#.#####.#.#3..#
###.##.#...#.#.#####
###.##.#.#.#.#.....#
.##.##.###.#.#####.#
....##...).#.......#
##...#######.#######


You could see a sixfirhy.

Vanquished Creatures
  4 dread liches
  7 orbs of fire
  Josephina (Zot:3)
  3 Killer Klowns
  The ghost of matvey144 the Impregnable, a veteran MiFi of the Shining One (Zot:1)
  Saint Roka (Snake:2)
  Vv (Zot:1)
  Xtahua (Vaults:3)
  2 curse toes (Zot:5)
  A caustic shrike (Depths:3)
  Nikola (Snake:2)
  12 golden dragons
  A bone dragon (Abyss:1)
  3 electric golems
  2 profane servitors (Abyss:1)
  Jorgrun (Shoals:3)
  7 liches
  Rupert (D:14)
  Zenata (Elf:3)
  7 quicksilver dragons
  Mlioglotl (Snake:2)
  18 tentacled monstrosities
  26 Orb Guardians
  2 deep elf blademasters (Elf:3)
  2 deep elf master archers (Elf:3)
  5 sphinxes
  A walking divine tome (Depths:2)
  2 acid blobs (Zot:1)
  12 tentacled starspawn
  A kraken (Shoals:4)
  An eldritch tentacle (WizLab)
  8 death cobs
  4 titans
  Frances (D:14)
  10 shadow dragons
  Kirke (D:15)
  Donald (Shoals:2)
  5 tengu reavers
  13 draconian monks
  A revenant (Abyss:1)
  2 azure jellies (Zot:1)
  A nagaraja (Snake:4)
  10 storm dragons
  Ilsuiw (Shoals:2)
  The ghost of GeoRichter the Warrior, an adept VSFi of Ashenzari (Elf:3)
  2 rockslimes (Zot:1)
  9 fire giants
  6 draconian scorchers
  5 draconian knights
  5 deep elf sorcerers
  12 vault wardens
  11 frost giants
  A balrug (Abyss:2)
  Aizul (Snake:2)
  An iron dragon (Depths:3)
  An orc warlord (Orc:1)
  7 draconian shifters
  3 spectral caustic shrikes (Depths:2)
  3 deep elf elementalists (Elf:3)
  A spriggan defender (Depths:3)
  A ghoul (Vaults:3)
  A juggernaut skeleton (Depths:3)
  A quicksilver ooze (Zot:1)
  14 ironbound preservers
  7 draconian stormcallers
  A war gargoyle (Vaults:5)
  7 ironbound thunderhulks
  14 green draconians
  14 draconian annihilators
  27 very ugly things
  3 vampire knights
  15 stone giants
  An elemental wellspring (Shoals:1)
  16 black draconians
  4 deep elf demonologists
  6 deep elf annihilators
  2 lorocyprocas
  An entropy weaver (Vaults:3)
  14 yellow draconians
  Azrael (Elf:1)
  2 eidola
  16 white draconians
  16 purple draconians
  17 red draconians
  9 dire elephants
  5 spark wasps
  11 deep elf death magi
  2 blizzard demons (D:13)
  6 merfolk impalers
  6 merfolk javelineers
  8 fire dragons
  15 ettins
  2 deep elf high priests (Elf:3)
  3 great orbs of eyes
  15 yaktaur captains
  35 vault guards
  5 hydras
  5 salamander tyrants
  4 boulder beetles
  3 rakshasas
  7 spriggan air magi
  4 merfolk avatars
  2 ironbound frosthearts
  An anaconda (shapeshifter) (Depths:3)
  2 ogre magi (Vaults:5)
  4 satyrs
  4 ice dragons
  A spriggan skeleton (Abyss:1)
  5 merfolk aquamancers
  6 centaur warriors
  2 catoblepae
  8 anacondas
  7 death yaks
  3 two-headed ogres
  2 death knights (Vaults:3)
  4 deep troll shamans
  18 naga warriors
  5 orc high priests
  11 deep troll earth magi
  2 tengu warriors (Depths:3)
  9 thrashing horrors
  36 dancing weapons
  6 spriggan berserkers
  2 vampire magi
  3 hell hogs
  Sonja (Lair:1)
  12 shock serpents
  A soul eater (Abyss:1)
  5 sun demons
  18 naga sharpshooters
  8 hell knights
  6 wretched stars
  19 deep elf knights
  15 spriggans
  A shadow wraith (Vaults:5)
  9 skeletal warriors
  9 iron trolls
  5 salamander mystics
  6 sixfirhies
  A fire crab (Volcano)
  7 glowing orange brains
  A spatial maelstrom (Abyss:2)
  40 deep trolls
  5 flayed ghosts
  6 sea snakes
  13 starcursed masses (Abyss:1)
  An anaconda skeleton (WizLab)
  4 deep elf archers
  An orb spider (shapeshifter) (Vaults:5)
  A bunyip skeleton (Abyss:1)
  Pikel (D:4)
  18 ironbound convokers
  7 wizards
  18 harpies
  4 necromancers
  17 deep elf pyromancers
  2 obsidian statues
  25 deep elf zephyrmancers
  8 phantasmal warriors
  6 naga ritualists
  25 salamanders
  2 mana vipers (shapeshifter)
  10 orc knights
  5 lindwurms
  6 mana vipers
  2 will-o-the-wisps (Abyss:2)
  A cyclops (shapeshifter) (Depths:3)
  9 fauns
  5 orc sorcerers
  9 merfolk sirens
  14 manticores
  18 moths of wrath
  A worldbinder (Abyss:1)
  A moth of wrath (shapeshifter) (Vaults:5)
  7 cyclopes
  27 elephants
  33 ugly things
  A sphinx skeleton (WizLab)
  2 rust devils
  An apocalypse crab (Abyss:2)
  9 water nymphs
  7 guardian serpents
  17 vault sentinels
  2 eyes of devastation (Zot:1)
  50 black mambas
  4 gargoyles
  16 naga magi
  A guardian serpent (shapeshifter) (Vaults:5)
  A storm dragon simulacrum (Depths:3)
  18 cane toads
  8 smoke demons
  4 komodo dragons
  4 orange demons
  3 torpor snails
  A hellion (D:2)
  An unseen horror (Abyss:1)
  A kobold demonologist (D:13)
  3 freezing wraiths
  28 yaktaurs
  4 efreet
  A hellwing (Abyss:1)
  22 merfolk
  A tormentor (Depths:4)
  A silent spectre (Abyss:2)
  5 ancient zymes
  A tengu conjurer (Depths:1)
  An ice devil (WizLab)
  9 hornets
  A sphinx simulacrum (Depths:3)
  5 trolls
  A tarantella (Vaults:3)
  5 wind drakes
  3 polar bears (Lair:5)
  7 raiju
  26 blink frogs
  12 slime creatures
  10 snapping turtles
  5 dream sheep
  2 air elementals
  2 flying skulls
  A centaur simulacrum (D:14)
  2 vampires
  14 water elementals
  A wyvern (Lair:3)
  3 shadows
  9 ynoxinuls
  A dire elephant simulacrum (Abyss:1)
  Eustachio (D:5)
  2 wraiths
  4 fire elementals
  A human (D:15)
  54 yaks
  4 chaos spawn
  4 hogs (D:15)
  A death yak simulacrum (IceCv)
  A golden eye (Abyss:2)
  6 vampire mosquitoes
  3 basilisks
  9 fire bats
  8 large abominations
  3 steam dragons
  2 neqoxecs
  Edmund (D:6)
  2 acid dragons
  8 wargs
  10 spatial vortices
  A swamp worm (shapeshifter) (Vaults:5)
  37 nagas
  6 hell hounds
  2 swamp worms (D:9)
  A floating eye (Depths:3)
  16 water moccasins
  A moth of wrath simulacrum (Zot:3)
  2 sky beasts
  48 orc warriors
  2 ice beasts
  4 black bears
  A deep troll skeleton (WizLab)
  10 small abominations
  10 ogres
  26 wolves
  4 boggarts
  10 centaurs
  5 phantoms
  2 lemures
  A kobold brigand (D:9)
  8 bullfrogs
  2 necrophages (D:6)
  5 earth elementals
  2 gnoll sergeants (D:7)
  2 scorpions
  A cane toad simulacrum (IceCv)
  2 troll zombies (D:9)
  2 elephant simulacra (IceCv)
  4 killer bees (D:10)
  4 howler monkeys
  4 crimson imps (Abyss:1)
  11 lava snakes
  5 hounds
  A jelly (D:5)
  3 gnoll boudas
  19 orc priests
  28 orc wizards
  5 iguanas
  A polar bear simulacrum (IceCv)
  4 ogre zombies (D:9)
  A boggart simulacrum (D:14)
  31 gnolls
  12 adders
  A shadow imp (D:6)
  10 white imps
  3 ufetubi
  A worm (D:5)
  7 dart slugs
  84 orcs
  6 ball pythons
  6 endoplasms
  3 giant cockroaches
  9 goblins
  8 hobgoblins
  7 jackals (D:2)
  8 kobolds
  8 quokkas
  3 bats
  3 frilled lizards
  2 goblin skeletons (D:9)
  A goblin zombie (D:9)
  A hobgoblin skeleton (D:9)
  4 hobgoblin zombies (D:9)
  An orc skeleton (D:9)
  10 orc zombies (D:9)
  3 rats (D:1)
  3 lurking horrors
  8 starspawn tentacles
  3 tentacles (Shoals:4)
2231 creatures vanquished.

Vanquished Creatures (collateral kills)
  A dread lich (Zot:5)
  An orb of fire (Zot:5)
  An ancient lich (Zot:5)
  Mara (Depths:1)
  An Orb Guardian (Zot:5)
  A titan (Vaults:5)
  A lich (Abyss:2)
  A deep elf blademaster (Elf:2)
  An acid blob (Zot:1)
  2 storm dragons
  An azure jelly (Zot:1)
  2 draconian knights
  2 draconian monks
  A deep elf sorcerer (Elf:3)
  2 vault wardens
  A draconian stormcaller (Zot:4)
  A draconian shifter (Zot:4)
  2 draconian annihilators
  A stone giant (Vaults:5)
  4 green draconians
  2 yellow draconians
  A red draconian (Zot:4)
  A lorocyproca (Depths:1)
  A spark wasp (Depths:4)
  3 white draconians
  A great orb of eyes (Zot:1)
  2 vault guards (Vaults:4)
  A hydra (Lair:2)
  A spriggan air mage (Depths:1)
  An alligator snapping turtle (Shoals:1)
  2 centaur warriors (Vaults:2)
  A merfolk aquamancer (Shoals:2)
  An anaconda (Snake:1)
  A naga sharpshooter (Snake:1)
  A salamander mystic (Snake:3)
  An iron troll (Depths:1)
  A naga ritualist (Snake:1)
  2 slime creatures (D:15)
  3 fauns (Shoals:1)
  2 elephants (Lair:5)
  2 merfolk sirens (Shoals:2)
  A moth of wrath (Zot:5)
  3 salamanders
  A tormentor (Depths:1)
  An ice devil (Depths:1)
  3 merfolk
  A raiju (Abyss:2)
  2 snapping turtles (Shoals:2)
  A yak (D:10)
  3 water elementals
  A golden eye (Lair:2)
  A red draconian simulacrum (Zot:3)
  A spatial vortex (WizLab)
  A moth of wrath simulacrum (Zot:3)
  2 orc warriors
  A shadow imp (WizLab)
  10 white imps (Lair:2)
  A giant cockroach (D:3)
93 creatures vanquished.

Vanquished Creatures (others)
  A draconian knight (Zot:1)
  A draconian scorcher (Zot:4)
  A salamander tyrant (Snake:3)
  An orc high priest (Orc:2)
  A deep elf zephyrmancer (Elf:1)
  A snapping turtle (Shoals:4)
  A draconian simulacrum (Zot:3)
  An air elemental (Elf:1)
  A water elemental (Shoals:2)
  A redback (shapeshifter) (Depths:2)
  A naga (Snake:3)
  An orc warrior (Elf:1)
  A floating eye (shapeshifter) (Abyss:2)
  2 killer bees (D:10)
  2 orcs
  14 foxfires (Abyss:2)
  30 fungi
  A lurking horror (Abyss:2)
  107 plants
  23 starspawn tentacles
  4 tentacles (Shoals:4)
  4 withered plants (Lair:2)
200 creatures vanquished.

Grand Total: 2524 creatures vanquished

Notes
Turn   | Place    | Note
-------+----------+-------------------------------------------
     0 | D:1      | GeoRichter the Demonspawn Gladiator began the quest for the
                  | Orb.
     0 | D:1      | Reached XP level 1. HP: 16/16 MP: 1/1
   243 | D:1      | Gained mutation: Your demonic aura sometimes causes spilled
                  | blood to erupt in flames. [demonic ancestry]
   243 | D:1      | Reached XP level 2. HP: 22/22 MP: 2/2
   909 | D:2      | Gained mutation: A weak demonic guardian rushes to your
                  | aid. [demonic ancestry]
   909 | D:2      | Reached XP level 3. HP: 23/28 MP: 3/3
  1816 | D:2      | Gained mutation: Your demonic aura often causes spilled
                  | blood to erupt in flames. [demonic ancestry]
  1816 | D:2      | Reached XP level 4. HP: 33/34 MP: 4/4
  2294 | D:3      | Found a sparkling altar of Nemelex Xobeh.
  2414 | D:3      | Reached XP level 5. HP: 39/41 MP: 5/5
  2627 | D:3      | Found a transporter.
  2641 | D:3      | Found a transporter.
  2650 | D:3      | Found a blossoming altar of Fedhas.
  2753 | D:3      | Found a faded altar of an unknown god.
  2821 | D:3      | Found an ancient bone altar of Kikubaaqudgha.
  2894 | D:3      | Found an ornate altar of the Wu Jian Council.
  2901 | D:3      | Noticed a spectral centipede
  2901 | D:3      | Noticed a spectral black mamba
  2901 | D:3      | Noticed a spectral cane toad
  2902 | D:3      | Became a worshipper of the Wu Jian Council
  2935 | D:4      | Reached skill level 5 in Long Blades
  2964 | D:4      | Noticed a lemure
  2994 | D:4      | Killed a lemure
  3115 | D:4      | Noticed a lemure
  3139 | D:4      | Noticed Pikel
  3161 | D:3      | Killed a lemure
  3397 | D:4      | Noticed a lemure
  3398 | D:4      | Noticed a lemure
  3401 | D:4      | Killed Pikel
  3402 | D:4      | Reached skill level 5 in Fighting
  3402 | D:4      | Gained mutation: You are partially covered in rugged brown
                  | scales. (AC +1, +3% HP) [demonic ancestry]
  3402 | D:4      | Reached XP level 6. HP: 44/52 MP: 6/6
  3402 | D:4      | Gained mutation: You are mostly covered in rugged brown
                  | scales. (AC +2, +5% HP) [demonic ancestry]
  3402 | D:4      | Reached XP level 7. HP: 44/58 MP: 7/7
  3517 | D:4      | Found a hide-covered altar of Uskayaw.
  3785 | D:4      | Found Tuwustri's Vocational Training.
  3904 | D:5      | Entered Level 5 of the Dungeon
  3951 | D:5      | Reached * piety under Wu Jian
  3952 | D:5      | Noticed a shadow
  4003 | D:5      | Found an iron altar of Okawaru.
  4086 | D:5      | Found a staircase to the Ecumenical Temple.
  4154 | D:5      | Reached XP level 8. HP: 66/66 MP: 8/8
  4488 | D:6      | Noticed Eustachio
  4493 | D:5      | Killed Eustachio
  4518 | D:5      | Reached skill level 1 in Armour
  4519 | D:5      | Reached skill level 3 in Dodging
  4549 | D:6      | Found a shadowy altar of Dithmenos.
  4900 | D:6      | Reached XP level 9. HP: 74/74 MP: 9/9
  5142 | D:6      | Paralysed by an orc priest for 4 turns
  5430 | D:6      | Found a radiant altar of Vehumet.
  5448 | D:6      | Noticed Edmund
  5454 | D:6      | Killed Edmund
  5621 | D:6      | Reached ** piety under Wu Jian
  5768 | D:7      | Reached skill level 4 in Dodging
  6130 | D:7      | Found Peathyva's Book Boutique.
  6883 | D:7      | Found a large runed translucent door.
  6883 | D:7      | Found a large runed translucent door.
  6884 | D:7      | Noticed ripuliukko's ghost (novice GrEE)
  7054 | D:8      | Found a stormy altar of Qazlal.
  7100 | D:8      | Found a bloodstained altar of Trog.
  7254 | D:8      | Identified a scroll of acquirement
  7258 | D:8      | Acquired the ring of Astiwoge {rPois rC+ rN+ Will+}
  7606 | D:8      | Found a staircase to the Lair.
  7627 | D:8      | Reached skill level 5 in Armour
  7637 | D:8      | Reached skill level 10 in Long Blades
  7889 | D:8      | Gained mutation: A demonic guardian rushes to your aid.
                  | [demonic ancestry]
  7889 | D:8      | Reached XP level 10. HP: 75/84 MP: 10/10
  8248 | Lair:1   | Entered Level 1 of the Lair of Beasts
  8283 | Lair:1   | Noticed Sonja
  8283 | Lair:1   | Noticed a cane toad
  8302 | Lair:1   | Reached skill level 5 in Dodging
  8308 | Lair:1   | Killed Sonja
  8309 | Lair:1   | Reached skill level 1 in Evocations
  8313 | Lair:1   | Killed a cane toad
  8574 | Lair:1   | Noticed a cane toad
  8587 | Lair:1   | Killed a cane toad
  9195 | Lair:2   | Noticed a death yak
  9217 | Lair:2   | Noticed a cane toad
  9222 | Lair:1   | Killed a cane toad
  9265 | Lair:2   | Noticed a six-headed hydra
  9265 | Lair:2   | Noticed an elephant
  9285 | Lair:2   | Found a frozen archway.
  9285 | Lair:2   | Noticed a black mamba
  9291 | Lair:2   | Reached *** piety under Wu Jian
  9296 | Lair:2   | a black mamba changed into a golden eye
  9321 | Lair:2   | Found a runed translucent gate.
  9321 | Lair:2   | Found a runed translucent gate.
  9321 | Lair:2   | Found a runed translucent gate.
  9321 | Lair:2   | Noticed Quickbrownfox's ghost (journeyman DsIE)
  9322 | Lair:2   | Noticed peterlawrence's ghost (journeyman MiFi)
  9322 | Lair:2   | Noticed waddelsworth's ghost (journeyman GrEE)
  9324 | Lair:2   | Killed a six-headed hydra
  9471 | IceCv    | Entered an ice cave
  9492 | IceCv    | Reached skill level 6 in Dodging
  9686 | IceCv    | Noticed a white ugly thing
  9687 | IceCv    | Noticed an ice statue
  9698 | IceCv    | Killed a white ugly thing
  9700 | IceCv    | Reached XP level 11. HP: 56/91 MP: 11/11
 10585 | Lair:2   | Reached **** piety under Wu Jian
 10916 | Lair:2   | Noticed a death yak
 10932 | Lair:1   | Killed a death yak
 11191 | Lair:2   | Found a staircase to the Snake Pit.
 11352 | Lair:1   | Killed a death yak
 11569 | Lair:2   | Reached skill level 7 in Dodging
 11569 | Lair:2   | Reached skill level 5 in Evocations
 11762 | Lair:2   | Gained mutation: Your touch may inflict minor irresistible
                  | damage on your foes. [demonic ancestry]
 11762 | Lair:2   | Reached XP level 12. HP: 66/100 MP: 12/12
 12324 | Lair:3   | Noticed a death yak
 12330 | Lair:3   | Noticed a death yak
 12331 | Lair:3   | Noticed a death yak
 12369 | Lair:3   | Noticed a death yak
 12374 | Lair:3   | Noticed a death yak
 12377 | Lair:2   | Killed a death yak
 12485 | Lair:2   | Killed a death yak
 12488 | Lair:2   | Killed a death yak
 12490 | Lair:2   | Killed a death yak
 12491 | Lair:2   | Reached skill level 10 in Fighting
 12491 | Lair:2   | Reached skill level 10 in Armour
 12643 | Lair:3   | Killed a death yak
 12684 | Lair:3   | Found a dark tunnel.
 12696 | Volcano  | Entered a volcano
 13272 | Volcano  | Noticed a hell hog
 13280 | Volcano  | Killed a hell hog
 13522 | Volcano  | Reached skill level 8 in Dodging
 13725 | Volcano  | Found a bloodstained altar of Trog.
 14199 | Lair:3   | Found a staircase to the Shoals.
 14318 | Lair:3   | Reached ***** piety under Wu Jian
 14704 | Lair:4   | Noticed a catoblepas
 14720 | Lair:4   | Killed a catoblepas
 14792 | Lair:4   | Gained mutation: Your magical and physical power is
                  | slightly enhanced at high health. [demonic ancestry]
 14792 | Lair:4   | Reached XP level 13. HP: 103/109 MP: 13/13
 15266 | Lair:4   | Reached skill level 1 in Ranged Weapons
 15272 | Lair:4   | Reached skill level 9 in Dodging
 16038 | Lair:5   | Entered Level 5 of the Lair of Beasts
 16183 | Lair:5   | Got the Lessons on Venin and Bewitchment
 16349 | Lair:5   | Reached skill level 10 in Dodging
 16586 | Lair:5   | Reached ****** piety under Wu Jian
 16791 | Lair:5   | Gained mutation: Your touch may inflict irresistible damage
                  | on your foes. [demonic ancestry]
 16791 | Lair:5   | Reached XP level 14. HP: 94/119 MP: 14/14
 17476 | Lair:5   | Reached skill level 11 in Dodging
 17604 | Lair:5   | Reached skill level 5 in Ranged Weapons
 18219 | Lair:5   | Found a viscous altar of Jiyva.
 18219 | Lair:5   | Found a staircase to the Slime Pits.
 18440 | D:4      | Bought a manual of Evocations for 960 gold pieces
 18674 | D:9      | Found a staircase to the Orcish Mines.
 18715 | D:9      | Identified the +0 ring mail of the Planets {rElec Str+5
                  | Dex+4}
 18961 | D:9      | Found a snail-covered altar of Cheibriados.
 19396 | Orc:1    | Entered Level 1 of the Orcish Mines
 19992 | Orc:2    | Entered Level 2 of the Orcish Mines
 20181 | Orc:2    | Found a staircase to the Elven Halls.
 20869 | Orc:2    | Noticed an orc warlord
 21060 | Orc:1    | Killed an orc warlord
 21929 | Orc:2    | Found Osocs's General Store.
 21930 | Orc:2    | Found Fooplo Core's Book Emporium.
 21932 | Orc:2    | Found Saog's Antique Armour Emporium.
 21932 | Orc:2    | Found Watis's Antique Weapon Shoppe.
 21938 | Orc:2    | Bought a glowing triple sword for 351 gold pieces
 22071 | Orc:1    | Reached skill level 12 in Dodging
 22123 | Orc:1    | Found Waoxkar's Assorted Antiques.
 22312 | D:10     | Entered Level 10 of the Dungeon
 22354 | D:10     | Found an opulent altar of Gozag.
 22550 | D:10     | You fall into a shaft and drop 2 floors!
 22572 | D:12     | Reached XP level 15. HP: 121/129 MP: 15/15
 23284 | D:11     | Reached skill level 15 in Long Blades
 23418 | D:11     | Found Kalit's Distillery.
 23426 | D:11     | Bought a potion of brilliance for 60 gold pieces
 23426 | D:11     | Bought a potion of invisibility for 120 gold pieces
 23426 | D:11     | Bought a potion of invisibility for 120 gold pieces
 24010 | D:12     | Found Tefoicse's Jewellery Boutique.
 24046 | D:12     | Found Quc Aqis's Jewellery Shop.
 24058 | D:12     | Found Seurrag's Distillery.
 24062 | D:12     | Found Batitzuq's Book Emporium.
 24306 | D:12     | Found Tehes's Assorted Antiques.
 24672 | D:13     | Found Tumo's Antique Armour Shoppe.
 24724 | D:13     | Found Wexkao's Weapon Shoppe.
 25131 | D:13     | Identified the +3 halberd "Rovijul" {venom, SInv}
 25602 | D:13     | Found Sozxul's Antique Weapon Shop.
 25899 | D:14     | Noticed Frances
 25904 | D:14     | Killed Frances
 25953 | D:14     | Noticed Wopp's ghost (journeyman GrEE)
 25953 | D:14     | Identified the +7 giant club of Nemelex Xobeh, Bashing
                  | {freeze, rF+ Str+2}
 25953 | D:14     | Noticed a frost giant
 25955 | D:14     | Found a transporter.
 25968 | D:14     | Found a gate to the Vaults.
 26300 | D:14     | Noticed Rupert
 26306 | D:14     | Killed Rupert
 26832 | D:14     | Noticed a frost giant
 26836 | D:14     | Killed a frost giant
 26837 | D:14     | Reached skill level 13 in Dodging
 26995 | D:15     | Entered Level 15 of the Dungeon
 27200 | D:15     | Noticed Kirke
 27210 | D:15     | Killed Kirke
 27308 | D:15     | Gained mutation: A powerful demonic guardian rushes to your
                  | aid. [demonic ancestry]
 27308 | D:15     | Reached XP level 16. HP: 139/139 MP: 16/16
 27416 | D:15     | Found a staircase to the Depths.
 27991 | Snake:1  | Entered Level 1 of the Snake Pit
 29577 | Snake:2  | Found a runed translucent door.
 29615 | Snake:2  | Noticed Nikola
 29617 | Snake:2  | Noticed Mlioglotl
 29618 | Snake:2  | Noticed Aizul
 29624 | Snake:2  | Killed Nikola
 29629 | Snake:2  | Killed Mlioglotl
 29631 | Snake:2  | Killed Aizul
 29754 | Snake:2  | Found Siridghoe's Specific Store.
 29756 | Snake:2  | Found Ciawnyeh's General Store.
 29778 | Snake:2  | Noticed Saint Roka
 29787 | Snake:2  | Killed Saint Roka
 29975 | Snake:2  | Reached skill level 15 in Fighting
 30339 | Snake:2  | Reached skill level 14 in Dodging
 30894 | Snake:3  | Gained mutation: You are completely covered in rugged brown
                  | scales. (AC +3, +7% HP) [demonic ancestry]
 30894 | Snake:3  | Reached XP level 17. HP: 71/151 MP: 17/17
 31652 | Snake:3  | Found Kotseuw's Jewellery Boutique.
 31713 | Snake:4  | Entered Level 4 of the Snake Pit
 31873 | Snake:4  | Noticed a quicksilver dragon
 31873 | Snake:4  | Noticed a quicksilver dragon
 31878 | Snake:4  | Killed a quicksilver dragon
 31883 | Snake:4  | Killed a quicksilver dragon
 31898 | Snake:4  | Got a serpentine rune of Zot
 31976 | Snake:4  | Found a runed translucent gate.
 31976 | Snake:4  | Found a runed translucent gate.
 31976 | Snake:4  | Found a runed translucent gate.
 32468 | Snake:4  | Reached skill level 15 in Dodging
 32588 | Snake:4  | Noticed ababab's ghost (journeyman FeEn)
 33032 | D:12     | Bought the ring of Pamecs {Drain +Blink rC++ rN+ Stlth+}
                  | for 584 gold pieces
 33187 | Shoals:1 | Entered Level 1 of the Shoals
 33261 | Shoals:1 | Reached XP level 18. HP: 161/161 MP: 18/18
 34125 | Shoals:2 | Noticed Ilsuiw
 34140 | Shoals:2 | Killed Ilsuiw
 34189 | Shoals:2 | Noticed Donald
 34220 | Shoals:2 | Killed Donald
 34858 | Shoals:3 | Noticed Jorgrun
 34875 | Shoals:3 | Killed Jorgrun
 35393 | Shoals:4 | Entered Level 4 of the Shoals
 35989 | Shoals:4 | Got a barnacled rune of Zot
 36691 | D:12     | Bought a potion of experience for 750 gold pieces
 36691 | D:12     | Gained mutation: Your touch may irresistibly damage your
                  | foes and sap their willpower. [demonic ancestry]
 36691 | D:12     | Reached XP level 19. HP: 172/172 MP: 19/19
 36800 | Elf:1    | Entered Level 1 of the Elven Halls
 36800 | Elf:1    | Noticed Azrael
 36810 | Elf:1    | Killed Azrael
 36839 | Elf:1    | Paralysed by an air elemental for 1 turns
 36916 | Elf:1    | Found a magical portal.
 36925 | WizLab   | Entered The Roulette of Golubria
 36925 | WizLab   | Found a transporter.
 36932 | WizLab   | Found a corrupted altar of Lugonu.
 36984 | WizLab   | Gained mutation: Your demonic aura causes all spilled blood
                  | to erupt in flames. [demonic ancestry]
 36984 | WizLab   | Reached XP level 20. HP: 179/179 MP: 20/20
 37006 | WizLab   | Found a transporter.
 37076 | WizLab   | Found a transporter.
 37080 | WizLab   | Found a transporter.
 37081 | WizLab   | Found a corrupted altar of Lugonu.
 37119 | WizLab   | Found a corrupted altar of Lugonu.
 37120 | WizLab   | Found a transporter.
 37142 | WizLab   | Found a transporter.
 37144 | WizLab   | Found the +1 cloak of Starlight {*Dazzle EV+4 Stlth--}
 37172 | WizLab   | Found a transporter.
 37206 | WizLab   | Found a transporter.
 37230 | WizLab   | Found a transporter.
 37230 | WizLab   | Found a transporter.
 37264 | WizLab   | Found a transporter.
 37297 | WizLab   | Found a transporter.
 37312 | WizLab   | Found a transporter.
 37312 | WizLab   | Found a transporter.
 37312 | WizLab   | Identified the +0 cloak of Masochism {Dex+4}
 37415 | WizLab   | Identified the +2 cloak "Tireawac" {Str+4}
 37465 | WizLab   | Found a transporter.
 37487 | WizLab   | Found a transporter.
 37487 | WizLab   | Found a transporter.
 37549 | WizLab   | Found a transporter.
 37574 | WizLab   | Found a transporter.
 37574 | WizLab   | Found a transporter.
 37590 | WizLab   | Got Sif Muna's Tractate on Direction
 37781 | Elf:1    | Reached skill level 16 in Dodging
 37890 | Elf:1    | Identified the +2 mace of the Fifty Nightingales {drain,
                  | rF- rC+ MP+9 Int+5}
 38134 | Elf:1    | Found a runed translucent gate.
 38134 | Elf:1    | Found a runed translucent gate.
 38134 | Elf:1    | Found a runed translucent gate.
 38155 | Elf:1    | Paralysed by an air elemental for 1 turns
 38606 | Elf:1    | Found a runed translucent gate.
 38606 | Elf:1    | Found a runed translucent gate.
 38611 | Elf:1    | Noticed kalagan's ghost (journeyman DECj)
 38613 | Elf:1    | Found a runed translucent gate.
 38941 | Elf:2    | Found a radiant altar of Vehumet.
 39032 | Elf:2    | Found the +10 morningstar "Eos" {elec, Halo rElec}
 39141 | Elf:2    | Found a runed translucent door.
 39172 | Elf:2    | Found a runed translucent door.
 40003 | Elf:3    | Entered Level 3 of the Elven Halls
 40126 | Elf:3    | Found Jaloon's Assorted Antiques.
 40508 | Elf:3    | Noticed Zenata
 40510 | Elf:3    | Identified the amulet of Igumergh {Spirit Harm rPois Str+3}
 40512 | Elf:3    | Killed Zenata
 40725 | Elf:3    | Reached XP level 21. HP: 186/187 MP: 21/21
 40919 | Elf:3    | Identified the +1 chain mail of Rotation {rPois}
 40942 | Elf:3    | Killed the ghostly Zenata
 40951 | Elf:3    | Identified the +1 chain mail of Unlellaw {rElec}
 40969 | Elf:3    | Reached skill level 17 in Dodging
 41235 | Elf:3    | Got the Compendium of Superposition and Illusion
 41317 | Elf:3    | Found a runed translucent door.
 41317 | Elf:3    | Found a shimmering altar of Xom.
 41317 | Elf:3    | Noticed GeoRichter's ghost (adept VSFi)
 41606 | Elf:3    | Killed GeoRichter's ghost
 41859 | Depths:1 | Entered Level 1 of the Depths
 42030 | Depths:1 | Found Etiez's Assorted Antiques.
 42101 | Depths:1 | Found Kohietem's Serpentskin Sales.
 42377 | D:12     | Bought the ring "Gompak" {rElec Slay+4} for 1564 gold
                  | pieces
 42481 | Depths:1 | Noticed Mara
 42489 | Depths:1 | Noticed GeoRichter's illusion
 42513 | Depths:1 | Killed Mara
 43093 | Depths:1 | Found a gateway to Hell.
 43374 | Depths:2 | Reached skill level 10 in Evocations
 43392 | Depths:2 | Identified the +1 war axe of Frustration {venom, *Rage
                  | Dex+3 SInv}
 43502 | Depths:2 | Found a one-way gate leading to the halls of Pandemonium.
 43758 | Depths:2 | Reached skill level 18 in Dodging
 44147 | Vaults:1 | Entered Level 1 of the Vaults
 44678 | Vaults:1 | Found a flickering gateway to a bazaar.
 44707 | Bazaar   | Entered a bazaar
 44727 | Bazaar   | Found Ilucih's Book Shoppe.
 44743 | Bazaar   | Found Miwizetu's Assorted Antiques.
 44759 | Bazaar   | Found Ypuzenys's General Store.
 44775 | Bazaar   | Found Lycem's Book Shoppe.
 44823 | Bazaar   | Bought a potion of haste for 90 gold pieces
 44837 | Bazaar   | Bought a scroll of enchant armour for 150 gold pieces
 44939 | Vaults:1 | Identified the +7 arbalest of Ointment {elec, rElec rF+ rN+
                  | Will-}
 45452 | Vaults:2 | Gained mutation: Your magical and physical power is
                  | enhanced at high health. [demonic ancestry]
 45452 | Vaults:2 | Reached XP level 22. HP: 151/199 MP: 22/22
 45588 | Vaults:2 | Found a transporter.
 45592 | Vaults:2 | Noticed a golden dragon
 45617 | Vaults:2 | Found a transporter.
 45676 | Vaults:2 | Reached skill level 15 in Armour
 45699 | Vaults:2 | Noticed Henri's ghost (adept VSEn)
 45918 | Vaults:2 | Identified the +3 ring mail of Jabanack {Str+3 Dex-4
                  | Stlth+}
 46608 | Vaults:3 | Reached skill level 19 in Dodging
 47127 | Vaults:3 | Found a staircase to the Crypt.
 47127 | Vaults:3 | Noticed Xtahua
 47139 | Vaults:3 | Killed Xtahua
 48116 | Vaults:4 | Found a runed translucent gate.
 48116 | Vaults:4 | Found a runed translucent gate.
 48117 | Vaults:4 | Found a runed translucent gate.
 48274 | Vaults:4 | Identified the +6 steam dragon scales of Virtue {Dex+2}
 48610 | Vaults:4 | Found a runed translucent gate.
 48610 | Vaults:4 | Found a runed translucent gate.
 48615 | Vaults:4 | Found a runed translucent gate.
 48617 | Vaults:4 | Noticed IcyTea's ghost (veteran GnFi)
 48702 | Vaults:5 | Entered Level 5 of the Vaults
 48730 | Vaults:5 | Reached XP level 23. HP: 209/209 MP: 23/23
 48768 | Vaults:5 | Reached skill level 20 in Dodging
 48789 | Vaults:5 | Reached skill level 15 in Evocations
 48876 | Vaults:5 | Noticed a dread lich
 48886 | Vaults:5 | Killed a dread lich
 49108 | Vaults:5 | Identified the +5 falchion of the Dwarven Hall {antimagic,
                  | Drain rCorr Int+10}
 49168 | Vaults:5 | Got Unedeiv's Spellbook of Toxic Dark Mysteries
 49329 | Vaults:5 | Found the +2 hat of the Bear Spirit {Spirit, *Rage Will++}
 49340 | Vaults:5 | Identified the +2 robe of Wathikum {rF+}
 49634 | Vaults:5 | Got a silver rune of Zot
 50043 | D:12     | Bought a glowing hat for 224 gold pieces
 50485 | Depths:3 | Noticed a caustic shrike
 50499 | Depths:3 | Killed a caustic shrike
 50581 | Depths:3 | Reached skill level 21 in Dodging
 50626 | Depths:3 | Identified the +1 plate armour of Insatiable Hunger
                  | {*Corrode rC+ rN+}
 50778 | Depths:3 | Found a one-way gate to the infinite horrors of the Abyss.
 50790 | Depths:3 | Reached XP level 24. HP: 209/219 MP: 23/23
 51548 | Depths:3 | Paralysed by a floating eye for 4 turns
 51678 | Depths:4 | Entered Level 4 of the Depths
 51733 | Depths:4 | Found a gate to the Realm of Zot.
 52322 | Depths:4 | Found a one-way gateway to a ziggurat.
 52358 | Depths:4 | Found the +7 Spriggan's Knife {stab, EV+4 Stlth+}
 52478 | Depths:3 | Voluntarily entered the Abyss.
 53380 | Abyss:1  | Gained mutation: You are covered in fur. (AC +1) [a
                  | neqoxec]
 53394 | Abyss:1  | Found a corrupted altar of Lugonu.
 53394 | Abyss:1  | Found a corrupted altar of Lugonu.
 53394 | Abyss:1  | Found a corrupted altar of Lugonu.
 53402 | Abyss:1  | Reached skill level 22 in Dodging
 53987 | Depths:3 | Escaped the Abyss
 54040 | Zot:1    | Entered Level 1 of the Realm of Zot
 54083 | Zot:1    | Gained mutation: Your magical and physical power is greatly
                  | enhanced at high health. [demonic ancestry]
 54083 | Zot:1    | Reached XP level 25. HP: 224/230 MP: 23/23
 54579 | Zot:1    | Noticed Vv
 54590 | Zot:1    | Killed Vv
 54660 | Zot:1    | Found a runed translucent gate.
 54661 | Zot:1    | Found a runed translucent gate.
 54930 | Zot:1    | Reached skill level 23 in Dodging
 55007 | Zot:1    | Found a runed translucent gate.
 55007 | Zot:1    | Found a viscous altar of Jiyva.
 55007 | Zot:1    | Noticed matvey144's ghost (veteran MiFi)
 55090 | Zot:1    | Killed matvey144's ghost
 55149 | Zot:1    | Identified the +0 hat "Iraxzuis" {+Inv rPois rCorr}
 55514 | Zot:2    | You fall into a shaft and drop 1 floor!
 56139 | Zot:3    | Identified the +8 quarterstaff of Dung {flame, Fragile
                  | rElec rCorr Dex+2}
 56585 | Zot:3    | Reached skill level 24 in Dodging
 56645 | Zot:3    | Identified the ring "Haefenar" {Ice rN+}
 56645 | Zot:3    | Noticed Josephina
 56654 | Zot:3    | Killed Josephina
 57225 | Zot:4    | Noticed a Killer Klown
 57242 | Zot:4    | Killed a Killer Klown
 57362 | Zot:4    | Reached XP level 26. HP: 241/241 MP: 23/23
 57509 | Zot:4    | Noticed an orb of fire
 57514 | Zot:4    | Gained mutation: You have hidden genetic defects. [an orb
                  | of fire]
 57517 | Zot:4    | Killed an orb of fire
 57851 | Zot:5    | Entered Level 5 of the Realm of Zot
 57911 | Zot:5    | Gained mutation: You are occasionally teleported next to
                  | monsters. [hidden defects]
 57912 | Zot:5    | Lost mutation: You are covered in fur. (AC +1) [potion of
                  | mutation]
 57912 | Zot:5    | Lost mutation: You are occasionally teleported next to
                  | monsters. [potion of mutation]
 57912 | Zot:5    | Gained mutation: Your magical capacity is low. (-10% MP)
                  | [potion of mutation]
 57912 | Zot:5    | Gained mutation: You are occasionally teleported next to
                  | monsters. [potion of mutation]
 57912 | Zot:5    | Gained mutation: You possess an exceptional clarity of
                  | mind. [potion of mutation]
 57913 | Zot:5    | Lost mutation: Your magical capacity is low. (-10% MP)
                  | [potion of mutation]
 57913 | Zot:5    | Lost mutation: You are occasionally teleported next to
                  | monsters. [potion of mutation]
 57913 | Zot:5    | Lost mutation: You possess an exceptional clarity of mind.
                  | [potion of mutation]
 57913 | Zot:5    | Gained mutation: You are strong-willed. (Will+) [potion of
                  | mutation]
 57913 | Zot:5    | Gained mutation: Your mind is acute. (Int +4, Str/Dex -1)
                  | [potion of mutation]
 58313 | Zot:5    | Reached skill level 25 in Dodging
 58372 | Zot:5    | Noticed an orb of fire
 58374 | Zot:5    | Gained mutation: Your magical capacity is low. (-10% MP)
                  | [an orb of fire]
 58375 | Zot:5    | Noticed a dread lich
 58381 | Zot:5    | Killed an orb of fire
 58394 | Zot:5    | Killed a dread lich
 58397 | Zot:5    | Noticed an orb of fire
 58399 | Zot:5    | Lost mutation: Your mind is acute. (Int +4, Str/Dex -1) [an
                  | orb of fire]
 58401 | Zot:5    | Gained mutation: Your body sometimes deteriorates upon
                  | taking damage. [an orb of fire]
 58412 | Zot:5    | Killed an orb of fire
 58412 | Zot:5    | Noticed an orb of fire
 58423 | Zot:5    | Killed an orb of fire
 58426 | Zot:5    | Noticed an ancient lich
 58427 | Zot:5    | Noticed a dread lich
 58430 | Zot:5    | Killed a dread lich
 58432 | Zot:5    | Killed an ancient lich
 58440 | Zot:5    | Gained mutation: You are occasionally teleported next to
                  | monsters. [hidden defects]
 58440 | Zot:5    | Lost mutation: You have hidden genetic defects. [hidden
                  | defects expressed]
 58465 | Zot:5    | Noticed an orb of fire
 58465 | Zot:5    | Noticed an orb of fire
 58465 | Zot:5    | Noticed a dread lich
 58465 | Zot:5    | Noticed a dread lich
 58467 | Zot:5    | Noticed an orb of fire
 58475 | Zot:5    | Killed an orb of fire
 58479 | Zot:5    | Killed a dread lich
 58482 | Zot:5    | Noticed an orb of fire
 58484 | Zot:5    | Killed an orb of fire
 58487 | Zot:5    | Killed a dread lich
 58494 | Zot:5    | Gained mutation: You are dopey. (Int -2) [an orb of fire]
 58495 | Zot:5    | Killed an orb of fire
 58497 | Zot:5    | Killed an orb of fire
 58507 | Zot:5    | Reached XP level 27. HP: 249/252 MP: 20/20
 58540 | Zot:5    | Reached skill level 26 in Dodging
 58570 | Zot:5    | Got the Orb of Zot
 59274 | D:$      | Escaped with the Orb!

Illustrated notes

Levels and vault maps discovered:
D:1:      matt_arrival_spirals, layout_basic
D:2:      minmay_wonky_spiral, layout_loops_ring, serial_aquarium,
          aquarium_bridge_long_joined [aquarium_subvault_wall,
          aquarium_subvault_window, aquarium_subvault_bridge,
          aquarium_subvault_bridge, aquarium_subvault_window,
          aquarium_subvault_window], aquarium_bridge_straight
          [aquarium_subvault_bridge, aquarium_subvault_wall,
          aquarium_subvault_bridge, aquarium_subvault_wall],
          aquarium_window_fake, aquarium_window_fake, aquarium_view_2c,
          aquarium_balcony_1b, aquarium_pool_2
D:3:      gammafunk_steamed_eel, layout_rooms, kiku_gazebo_pond_becter,
          fedhas_altar_2, mainiacjoe_overflow_cross_hatched,
          pdpol_wu_jian_five_deadly_venoms,
          dreamdust_ecumenical_altar_angels_and_demons
D:4:      layout_rooms, nicolae_uskayaw_dance_hall, nicolae_shop_vocational,
          uniq_pikel
D:5:      layout_basic, lemuel_doored_altar, minmay_temple_entry_stoned_glass,
          minmay_holes
D:6:      layout_loops_cross, grunt_dithmenos_smoke,
          nicolae_vehumet_altar_sigil, uniq_edmund, uniq_eustachio
D:7:      layout_cave_pods, ebering_ghost_disaster_area, serial_shops, shop,
          grunt_decor_junction, dreamdust_princess_corridor,
          nicolae_lava_and_water, eino_tiny_chamber, minmay_misc_feat_ornament,
          minmay_misc_feat_room, nicolae_grassy_gnolls
D:8:      layout_gridville, lightli_temple_of_fire, lemuel_tele_altar,
          grunt_qazlal_sundering, lair_entry_dummy
D:9:      layout_roguey, mainiacjoe_overflow_boulevard, zombieorc1_lemuel,
          worms_lemuel
D:10:     layout_cave_pools, nicolae_gozag_seed_capital
D:11:     layout_basic, serial_shops, shop
D:12:     minmay_mutant_horseshoe, layout_cave_pools, serial_shops,
          nicolae_shop_window_shopping, nicolae_shop_statue_plus,
          nicolae_shop_statue_plus, shop_coins, shop
D:13:     layout_long_grid, serial_shops, shop, shop, shop
D:14:     layout_loops_corners, erik_vaults_2, gammafunk_ghost_smash,
          kennysheep_just_a_vault, uniq_frances, uniq_rupert
D:15:     hangedman_depths_entry_try_elsewhere_first, layout_cave_pools,
          palyth_stone_intersect, minmay_librarian, uniq_kirke
Lair:1:   layout_loops_ring, uniq_sonja
Lair:2:   layout_small_grid, minmay_snake_entry_six_corridors,
          portal_ice_cave_entry_imps, gammafunk_ghost_cemetery,
          lemuel_fruit_tree
Lair:3:   layout_big_grid, minmay_shoals_entry_beasts,
          nicolae_volcano_entry_lava_flow, pond
Lair:4:   layout_cave_pods
Lair:5:   minmay_lair_end_enchanted_forest, layout_regular_city,
          dpeg_slime_entry_corner
Shoals:1: layout_shoals, nicolae_shoals_spring_well_temple
Shoals:2: layout_shoals, centaur_isle, uniq_ilsuiw, uniq_donald
Shoals:3: layout_shoals, nicolae_shoals_dead_sea_scrolls, uniq_jorgrun
Shoals:4: shoals_end_hangedman, layout_shoals
Snake:1:  layout_layer_cave
Snake:2:  layout_chambers, nicolae_specific_store, st_stairs_11,
          lightli_airlock, uniq_mlioglotl, uniq_saint_roka, uniq_nikola,
          uniq_aizul
Snake:3:  layout_misc_corridors, serial_shops, shop, grunt_megastairs_3
Snake:4:  hellmonk_snake_rune_quicksilver_temple, layout_cave_town,
          gammafunk_ghost_necromancy
Orc:1:    layout_caves, serial_shops, nicolae_shop_stone
Orc:2:    st_orc_congregation, layout_caves, basic_altar
Elf:1:    layout_geoelf_octagon, ploomutoo_gammafunk_ghost_potion_laboratory,
          infiniplex_enter_wizlab_water, hangedman_elven_crosses_minicolossus,
          minivault_28, uniq_azrael
Elf:2:    nicolae_elf_blades_splatter_lattice
          [nicolae_blade_entry_splitting_headache], layout_onion_city,
          basic_altar
Elf:3:    elf_hall_gauntlet_narrow, layout_gridlike, serial_shops, shop,
          ebering_ghost_xom, lemuel_flamethrower_2, uniq_zenata
Vaults:1: vaults_room_fours, vaults_room_semicircle, grunt_vaults_twisty,
          v_misc_2, layout_vaults_omnigrid, serial_shops, bzr_entry_lakeside
Vaults:2: nzn_ghost_randoct, nicolae_vaults_statue_guard, hangedman_vaults_trim,
          nicolae_vaults_rhombus_6, hangedman_vaults_river_flow,
          nicolae_vaults_inception_scallops, v_misc_3, ontoclasm_vaults_idyll,
          v_pattern_2, vaults_room_hallway, dpeg_vaults_monster_box, v_rooms_1,
          v_misc_23, vaults_dpeg_emergency_exit, v_alt_pattern_4,
          ontoclasm_vaults_gateway, layout_vaults_omnibox
Vaults:3: vaults_room_pool, minmay_crypt_entry_simple_corners,
          nicolae_vaults_bisected_exclaves, hangedman_vaults_trim,
          hangedman_vaults_stretched_pinwheel, v_misc_10, v_misc_18,
          grunt_vaults_swirl, ontoclasm_vaults_decontamination,
          vaults_room_pools, layout_vaults_omnicross, uniq_xtahua
Vaults:4: ploomutoo_gammafunk_ghost_potion_laboratory, nicolae_vaults_little_ls,
          hangedman_vaults_locks, v_pattern_4, nicolae_vaults_meeting,
          nicolae_vaults_angled_halls, vaults_dpeg_diagonal, vaults_dpeg_ring,
          layout_vaults_chaotic_city
Vaults:5: serial_shops
Depths:1: layout_cave_shapes, grunt_hell_entry_dis_old, serial_shops, shop,
          guppyfry_shop_venom, serial_bayou_shore_b, uniq_mara
Depths:2: minmay_tearing_corner, layout_basic, pan_entry,
          pf_hell_entry_tar_river, grunt_ministairs_2,
          infiniplex_staircase_hallway_doors
Depths:3: cell_vault, layout_gridlike, abyss_entry, hell_entry,
          infiniplex_staircase_zigzag_5, kennysheep_random_hallway
Depths:4: grunt_zot_entry_tricorne, layout_twisted_cross, enter_ziggurat_e,
          hell_entry
Zot:1:    layout_twisted_circle, gammafunk_ghost_ooze, uniq_vv
Zot:2:    layout_onion_interference, grunt_megastairs_5
Zot:3:    layout_cathedral_of_symmetry, uniq_josephina
Zot:4:    layout_onion_interference, grunt_megastairs_2
Zot:5:    layout_misc_corridors

Skill      XL: |  1  2  3  4  5  6  7  8  9 10 11 12 13 14 15 16 17 18 19 20 21 22 23 24 25 26 27 |
---------------+----------------------------------------------------------------------------------+-----
Long Blades    | 3 4 6 7 8 10 11 12 13 14 16 18 19 20 22 | 22.0
Fighting       | 3 5 6 7 8 9 10 11 13 14 15 16 17 18 19 20 21 22 23 | 23.8
Armour         | 2 5 7 9 11 12 13 14 15 16 17 18 | 18.0
Dodging        | 3 4 6 7 8 10 12 13 14 15 16 18 19 21 22 24 25 26 | 26.1
Evocations     | 3 5 7 11 14 15 17 18 19 | 19.0
Ranged Weapons | 4 5 |  5.4
Throwing       | |  1.7

Action                   |  1- 3 |  4- 6 |  7- 9 | 10-12 | 13-15 | 16-18 | 19-21 | 22-24 | 25-27 || total
-------------------------+-------+-------+-------+-------+-------+-------+-------+-------+-------++-------
Melee: Long sword        |    93 |   142 |   356 |   604 |   498 |       |       |       |       ||  1693
       Punch             |     1 |     2 |     7 |    12 |     5 |       |       |       |       ||    27
       Touch             |       |       |       |    57 |   114 |       |       |       |       ||   171
       Great sword       |       |       |       |       |   221 |       |       |       |       ||   221
       Triple sword      |       |       |       |       |   372 |  1115 |   978 |  1656 |  1065 ||  5186
 Fire: Arbalest          |       |       |       |       |   170 |    60 |     3 |       |       ||   233
Throw: Javelin           |     3 |     4 |     2 |     2 |       |       |       |       |       ||    11
       Throwing net      |       |       |       |     1 |       |       |       |       |       ||     1
       Dart              |       |       |       |       |     1 |       |       |       |       ||     1
Invok: Lunge             |       |     2 |    29 |    27 |    88 |   124 |    90 |   158 |    70 ||   588
       Whirlwind         |       |       |    52 |    53 |   238 |   323 |   116 |   361 |   278 ||  1421
       Heavenly Storm    |       |       |       |       |       |     2 |       |     1 |     2 ||     5
 Abil: Wall Jump         |       |       |       |     1 |     2 |     3 |       |     1 |     2 ||     9
       Evoke Blink       |       |       |       |       |       |       |       |     3 |     1 ||     4
Evoke: Wand              |       |     2 |     3 |    10 |     5 |    11 |     7 |     2 |     2 ||    42
       Phantom mirror    |       |       |       |       |     1 |     4 |     1 |     1 |     2 ||     9
       Phial of floods   |       |       |       |       |       |     2 |     1 |       |     3 ||     6
       Condenser vane    |       |       |       |       |       |       |     3 |     1 |       ||     4
       Box of beasts     |       |       |       |       |       |       |     3 |     3 |     5 ||    11
       Lightning rod     |       |       |       |       |       |       |     1 |       |       ||     1
  Use: Scroll            |       |     4 |    13 |     5 |    15 |     4 |    15 |     2 |    10 ||    68
       Potion            |       |       |       |     1 |     1 |    10 |     6 |     4 |     6 ||    28
 Stab: Sleeping          |     3 |       |       |       |       |     1 |     3 |       |       ||     7
       Paralysed         |       |     3 |     5 |    10 |     5 |       |       |       |       ||    23
       Distracted        |       |       |       |     1 |       |     1 |     3 |     5 |    10 ||    20
       Held in net/web   |       |       |       |     1 |       |       |       |       |       ||     1
       Invisible         |       |       |       |       |       |     1 |    19 |    63 |    38 ||   121
       Confused          |       |       |       |       |       |       |     1 |       |       ||     1
Armor: Leather armour    |    18 |       |       |       |       |       |       |       |       ||    18
       Ring mail         |    21 |    48 |    94 |       |       |   104 |       |       |       ||   267
       Scale mail        |       |       |    15 |   182 |   421 |    34 |   211 |       |       ||   863
       Quicksilver drago |       |       |       |       |       |   237 |       |       |       ||   237
       Fire dragon scale |       |       |       |       |       |       |    29 |   400 |   240 ||   669
Dodge: Dodged            |    56 |    95 |   273 |   345 |   869 |  1131 |   596 |  1532 |   949 ||  5846
